[Event "2nd Serbia Open Masters 2022"]
[Site "Novi Sad"]
[Date "2022.06.29"]
[Round "2.17"]
[White "Ceres, Dragos"]
[Black "Ferreira, Jorge Viterbo"]
[Result "1-0"]
[ECO "D17"]
[WhiteElo "2380"]
[BlackElo "2512"]
[Annotator "TA"]
[PlyCount "107"]
[EventDate "2022.06.28"]
[EventType "swiss"]
[EventCountry "SRB"]
[SourceTitle "playchess.com"]
[Source "ChessBase"]
[SourceQuality "1"]
[TimeControl "40/5400+30:900+30"]

1. d4 d5 2. c4 c6 3. Nf3 Nf6 4. Nc3 dxc4 5. a4 Bf5 6. Ne5 e6 7. f3 c5 8. e4 {[%emt 0:00:54] D17: Slav Defence: 5 a4 Bf5: Lines with 6 Nh4 and 6 Ne5.} Bg6 {[%emt 0:00:03] 8...Bg6 scores better than 8...cxd4.} (8... Qxd4 $2 9. Bf4 Qxd1+ 10. Rxd1 $18) 9. Be3 cxd4 10. Qxd4 {[%emt 0:00:06] White has an edge.} Qxd4 11. Bxd4 Nbd7 (11... Nfd7 $11 {keeps the balance.}) 12. Nxc4 $16 {[%emt 0:06:01] White is more active.} ({But not} 12. Bxc4 Nxe5 13. Bxe5 Bc5 $14) 12... Bb4 13. Kf2 O-O 14. Be2 Rfd8 15. Rhd1 {[%emt 0:02:09] [#]} Bc5 $146 (15... Ne8 $142) ({Predecessor:} 15... Nc5 16. Be3 Nfd7 17. Na2 Na6 18. Rxd7 Rxd7 19. Ne5 Rc7 20. Nxg6 hxg6 21. Bxa6 Rc2+ {1-0 (78) Bluvshtein,M (2544)-Feher,G (2390) Zalakaros 2008}) 16. Ke3 ({White should play} 16. Na5 $16) 16... Kf8 (16... Be7 $14) 17. Bxc5+ Nxc5 18. b4 Na6 (18... Nb3 $2 19. Rab1 $18) 19. Rxd8+ Rxd8 20. Rb1 (20. Na2 {feels hotter.} Nb8 21. Na5 b6 22. Nc4) 20... Rc8 21. Rb3 Nc7 22. Nb5 Nxb5 23. axb5 {[%emt 0:00:03] Ra3 is the strong threat.} Nd7 (23... Rc7 $16 {was necessary.}) 24. Ra3 $18 Ra8 25. Na5 Rb8 26. Rc3 b6 (26... Ke8 $16) 27. Nc6 Rc8 (27... Ra8 $142 28. Rd3 Ke8) 28. Ra3 Rc7 29. Nxa7 Nb8 {[%emt 0:00:26] [#]} 30. Nc6 $1 Nxc6 31. Rc3 {[%emt 0:00:19][%mdl 64] Pin} (31. bxc6 Rxc6 32. Ra8+ Ke7 $16) 31... Ke7 32. bxc6 {[%emt 0:00:09][%mdl 4096] Endgame KRB-KRB} ({Weaker is} 32. Rxc6 Rxc6 33. bxc6 Kd6 $16) 32... e5 33. b5 f6 34. Bc4 Ra7 35. g3 Kd6 36. Rd3+ Ke7 37. f4 exf4+ 38. gxf4 ({Don't play} 38. Kxf4 Bh5 39. h4 Be2 $18) 38... h6 (38... Be8 $142 39. Bg8 h6) 39. h4 Be8 40. Kd4 Ra8 (40... Ra4 $142 41. Kc3 Ra3+ 42. Bb3 Ra5) 41. Rg3 g6 42. Rg1 Ra4 43. Kc3 Ra3+ 44. Kb4 Ra7 45. f5 g5 46. hxg5 hxg5 47. Rd1 Ra8 48. Be6 {[%emt 0:00:13] [#] Intending c7 and mate.} Ra7 49. Rd2 Rc7 50. Kc4 Ra7 51. Rh2 {[%emt 0:00:57] White wants to mate with Rh7+.} Kd6 52. Rh8 Re7 53. Kd4 {[%emt 0:00:03] Threatens to win with Rf8.} Kc7 54. e5 {[%emt 0:00:09] Weighted Error Value: White=0.17 (very precise) /Black=0.53} 1-0

[Event "2nd Serbia Open Masters 2022"]
[Site "Novi Sad"]
[Date "2022.06.29"]
[Round "2.18"]
[White "Pap, Misa"]
[Black "Petkov, Momchil"]
[Result "1/2-1/2"]
[ECO "B22"]
[WhiteElo "2375"]
[BlackElo "2494"]
[Annotator "RC"]
[PlyCount "80"]
[EventDate "2022.06.28"]
[EventType "swiss"]
[EventCountry "SRB"]
[SourceTitle "playchess.com"]
[Source "ChessBase"]
[SourceQuality "1"]
[TimeControl "40/5400+30:900+30"]

1. e4 c5 2. c3 d5 3. exd5 Qxd5 4. d4 Nf6 5. Nf3 e6 6. Be3 cxd4 7. cxd4 Bb4+ 8. Nc3 Qa5 9. Qc2 O-O 10. Bd3 Nc6 11. O-O h6 12. Rfe1 Bd6 13. a3 Bd7 14. Nb5 Bb8 15. b4 Qd8 16. Qd2 Ne7 17. Nc3 Ng4 18. Bf4 Bc6 19. Ne5 Nxe5 20. Bxe5 Bxe5 21. dxe5 Ng6 22. Rad1 Qh4 23. Qe3 Nf4 24. Be4 Bxe4 25. Qxe4 Rac8 26. g3 Qg4 27. Qxf4 Qxf4 28. gxf4 Rxc3 29. Rd7 Rxa3 30. Rxb7 Kh7 31. Re3 Ra1+ 32. Kg2 Kg6 33. Rg3+ Kf5 34. Rxg7 Kxf4 35. Rbxf7+ Rxf7 36. Rxf7+ Kxe5 37. Rh7 Rb1 38. Rxa7 Rxb4 39. Rh7 Rg4+ 40. Kf3 Rg6 1/2-1/2

[Event "2nd Serbia Open Masters 2022"]
[Site "Novi Sad"]
[Date "2022.06.29"]
[Round "2.19"]
[White "Santiago, Yago De Moura"]
[Black "Tadic, Stefan"]
[Result "1-0"]
[ECO "D15"]
[WhiteElo "2498"]
[BlackElo "2358"]
[Annotator "TA"]
[PlyCount "91"]
[EventDate "2022.06.28"]
[EventType "swiss"]
[EventCountry "SRB"]
[SourceTitle "playchess.com"]
[Source "ChessBase"]
[SourceQuality "1"]
[TimeControl "40/5400+30:900+30"]

1. d4 d5 2. c4 c6 3. Nc3 Nf6 4. Nf3 dxc4 5. e4 b5 $1 6. Be2 {[%emt 0:00:07] D15: Slav Defence: 4 Nc3 a6 and gambit lines after 4 Nc3 dxc4.} e6 7. a4 ({White should play} 7. O-O $11) 7... b4 $1 $15 8. e5 {[%emt 0:00:13] Black is slightly better.} Nd5 (8... bxc3 $15 9. exf6 cxb2 10. Bxb2 Bb4+ 11. Kf1 gxf6 12. Bxc4 a5) 9. Ne4 $1 $14 Ba6 10. Bd2 {[%emt 0:00:42] [#]} (10. O-O $142) 10... c3 $146 (10... Qa5 $5 ) ({Predecessor:} 10... Qa5 11. Rc1 Nb6 12. O-O Qxa4 13. Qe1 h6 14. Nc5 Bxc5 15. dxc5 Nd5 16. Bxc4 Bxc4 17. Rxc4 {0-1 (34) Yang,Q (2084)-Holt,C (2553) Chess.com INT 2022}) 11. bxc3 bxc3 12. Nxc3 Nxc3 13. Bxc3 Qd5 14. O-O Bxe2 15. Qxe2 Be7 16. Rab1 Nd7 17. Bb4 Bxb4 18. Rxb4 O-O 19. Rc4 Rab8 20. Rfc1 Rb6 21. Qc2 Rfb8 22. h3 (22. Rxc6 $2 Rxc6 23. Qd2 Rxc1+ 24. Qxc1 Qe4 $19) 22... Rb2 23. Qd3 Rb1 24. Rxb1 ({Much worse is} 24. Rxc6 Qxc6 25. Rxb1 Rxb1+ 26. Qxb1 Qxa4 $11) (24. Ng5 h6 25. Rxb1 (25. Qh7+ Kf8 $11) 25... Rxb1+ 26. Qxb1 Qxc4 $11) 24... Rxb1+ 25. Qxb1 Qxc4 {[%emt 0:00:04][%mdl 4096] Endgame KQN-KQN} 26. Qb7 $1 Qc1+ 27. Kh2 Qf4+ $2 {[%emt 0:00:06][%mdl 8192] [#] Loses the game.} (27... Nf8 $1 $14) 28. Kh1 $1 $18 Nf8 29. Qxa7 {[%emt 0:04:40] a5 is the strong threat.} Qc1+ 30. Ng1 h6 31. Qa8 (31. a5 $142 Ng6 32. a6) 31... c5 $2 {[%emt 0:00:50] [#]} (31... Qb2 32. a5 (32. Qxc6 Qxf2 33. a5 Qxd4 $16) 32... Qxd4) 32. dxc5 $1 {[%emt 0:04:02] White is clearly winning.} Qxc5 33. a5 {[%emt 0:00:11] And now a6 would win.} Kh7 (33... Qxf2 $2 34. a6) 34. a6 Nd7 35. a7 {[%emt 0:00:09] aiming for Qe4+.} Nb6 36. Qe4+ g6 37. Qb7 {[%emt 0:02:58] Against Qc7} Qxf2 38. Nf3 Kg7 {[%emt 0:00:18] [#]} 39. Qxb6 $3 Qxb6 40. a8=Q Qb1+ 41. Kh2 Qb4 42. Qa1 Qf4+ 43. Kh1 g5 44. Qd4 Qc1+ 45. Kh2 h5 (45... Qc2 $142 46. Qe3 Kh7) 46. Qd2 {[%emt 0:00:41] Weighted Error Value: White=0.13 (very precise) /Black=0.32} 1-0

[Event "2nd Serbia Open Masters 2022"]
[Site "Novi Sad"]
[Date "2022.06.29"]
[Round "2.20"]
[White "Ohanyan, Emin"]
[Black "Makhnev, Denis"]
[Result "1-0"]
[ECO "D37"]
[WhiteElo "2366"]
[BlackElo "2505"]
[Annotator "TA"]
[PlyCount "93"]
[EventDate "2022.06.28"]
[EventType "swiss"]
[EventCountry "SRB"]
[SourceTitle "playchess.com"]
[Source "ChessBase"]
[SourceQuality "1"]
[TimeControl "40/5400+30:900+30"]

1. d4 d5 2. c4 e6 3. Nc3 Nf6 4. Nf3 Nbd7 5. Bf4 dxc4 6. e3 Nd5 7. Bxc4 Nxf4 8. exf4 Nb6 {[%emt 0:00:24] The main line 8...Nb6 scores better than 8...Bd6. D37: Queen's Gambit Declined: 5 Bf4.} 9. Bb3 Bd6 10. Ne5 O-O {[%emt 0:00:23] White has an edge.} 11. O-O c6 {[%emt 0:16:11] [#]} 12. Ne4 $146 ({Predecessor:} 12. Bc2 Nd5 13. Qh5 f5 14. g3 Bxe5 15. dxe5 b6 16. Rac1 Qe7 17. Bb3 Bb7 18. Rfd1 {½-½ (62) Suleymenov,A (2420)-Makhnev,D (2499) Nur Sultan 2021}) 12... f6 13. Nd3 (13. Nxd6 Qxd6 14. Nc4 Qxf4 $11) 13... Nd5 14. Qf3 Kh8 15. Rac1 Re8 16. Rfe1 Bf8 17. Re2 Nc7 18. Qh5 {[%emt 0:13:39][%cal Od3e5] aiming for Ne5!} Nd5 $2 (18... Re7 $11 {and Black has nothing to worry.}) 19. Bxd5 $18 cxd5 20. Ne5 $1 {[%emt 0:03:34] Strongly threatening Nf7+.} Kg8 (20... fxe5 $2 21. Ng5 Qxg5 22. fxg5 $18) (20... Re7) 21. Qf7+ Kh8 22. Qh5 {[%emt 0:02:45] And now Nf7+ would win.} Kg8 (22... fxe5 $2 23. Ng5 Qxg5 24. fxg5 $18) 23. Qf7+ Kh8 {[%emt 0:00:06] [#]} 24. Ng6+ $1 hxg6 25. Re3 e5 {[%emt 0:00:07] [#] Hoping for ...Re7.} 26. Rcc3 $1 {[%emt 0:00:36][%cal Oe3h3] Threatening mate with Rh3+!} Qd7 27. Rh3+ Qxh3 28. Qxe8 {[%emt 0:00:42] Nxf6 would kill now. Dancing on a razor blade.} (28. gxh3 Be6 29. Qxg6 dxe4 30. dxe5 fxe5 $17) 28... Qh7 $2 (28... Qe6 {is a better chance.} 29. Qxf8+ Qg8 30. Qxg8+ Kxg8) 29. Qxf8+ $2 (29. Nd6 g5 30. Qxf8+ Qg8 31. Qxg8+ Kxg8 32. Nxc8 exf4 33. Rc7) 29... Qg8 30. Qxg8+ Kxg8 {[%emt 0:00:09][%mdl 4096] Endgame KRB-KRN} 31. Nd6 Be6 32. fxe5 fxe5 33. dxe5 d4 34. Rd3 Bxa2 35. Rxd4 b6 36. f4 a5 37. Kf2 Ra7 $2 (37... b5 {keeps fighting.} 38. g3 (38. Nxb5 Rb8 $18) 38... b4) 38. Nb5 Rf7 39. h4 Rf8 40. Ke3 Rc8 41. Nc3 Bf7 42. Rd6 b5 43. Nxb5 Rb8 44. Nc7 Rb7 $2 (44... Rb3+ 45. Rd3 Rb6 46. Rd8+ Kh7) 45. e6 {[%emt 0:02:23] White is clearly winning.} Rxc7 46. Rd8+ Kh7 47. Rd7 {[%emt 0:00:10] Weighted Error Value: White=0.61/Black=0.44} 1-0

[Event "2nd Serbia Open Masters 2022"]
[Site "Novi Sad"]
[Date "2022.06.29"]
[Round "2.21"]
[White "Tomazini, Zan"]
[Black "Dudin, Gleb"]
[Result "1-0"]
[ECO "C45"]
[WhiteElo "2359"]
[BlackElo "2473"]
[Annotator "TA"]
[PlyCount "105"]
[EventDate "2022.06.28"]
[EventType "swiss"]
[EventCountry "SRB"]
[SourceTitle "playchess.com"]
[Source "ChessBase"]
[SourceQuality "1"]
[TimeControl "40/5400+30:900+30"]

1. e4 e5 2. Nf3 Nc6 3. d4 exd4 4. Nxd4 Nf6 5. Nxc6 bxc6 6. e5 Qe7 7. Qe2 Nd5 8. c4 Ba6 9. b3 g6 10. Bb2 {[%emt 0:03:26] 10.Ba3 gains popularity.} Bg7 11. Nd2 Nf4 {[%emt 0:07:12] C45: Scotch Game.} (11... Nb4 $11 12. Nf3 c5) 12. Qe3 $16 Ne6 13. Ne4 {[%emt 0:02:22] [#] Against f6} c5 $146 {[%emt 0:01:32][%cal Oe6d4] White is better.} ({Predecessor:} 13... O-O-O 14. Qxa7 Bb7 15. c5 Nf4 16. Ba6 Bxa6 17. Qa8# {1-0 (17) Dimitrijevic,R (2232)-Jovanovic,M (1973) Belgrade 2008}) 14. O-O-O Bb7 15. Nf6+ Bxf6 16. exf6 Qf8 17. Rg1 {[%emt 0:09:08] 0x0.00207c4ec453dp-1022s more active pieces.} O-O-O 18. g3 {[%emt 0:01:48] White stays focused until the end.} d6 19. h4 Kb8 20. Bh3 $1 Bc8 (20... Re8 $16) 21. Bg2 $18 Bb7 {[%emt 0:06:14] Inhibits Qe4.} 22. Bd5 Re8 23. Rge1 Nd4 {[%emt 0:04:50] [#]} (23... Nd8 {was worth a try.} 24. Qd3 Rg8) 24. Qd3 $1 ({Weaker is} 24. Qxe8+ Qxe8 25. Rxe8+ Rxe8 $16) 24... Qh6+ $2 (24... c6) 25. f4 Qh5 26. Bxd4 cxd4 27. Bxf7 Ref8 28. Re7 Qa5 29. Qxd4 Qxa2 30. Qb2 Qa5 31. Bd5 {[%emt 0:00:14] Against Bf3} Qc5 32. b4 Qb6 33. f7 {[%emt 0:01:00][%cal Ob2h8] aiming for Qxh8!} h5 {[%emt 0:02:32] [#]} 34. Rde1 (34. Qxh8 $142 $3 Rxh8 35. Re8+ Rxe8 36. fxe8=Q+ Bc8 37. Kc2) 34... Bxd5 35. cxd5 Kb7 36. Re8 {[%emt 0:01:24] Black must now prevent Qc3.} Qb5 37. Qc2 {[%emt 0:06:28] R1e7 is the strong threat.} Qxd5 38. Qxg6 Qc4+ 39. Qc2 Qxb4 40. R1e3 {[%emt 0:00:00] Intending Rb3 and mate.} Qc5 41. Rc3 (41. Rb3+ $142 Kc6 42. Rc3 Qxc3 43. Qxc3+ Kb7 44. Qxh8 Rxh8 45. Rxh8 Kc6 46. Rxh5) 41... Qg1+ 42. Kb2 {[%emt 0:00:05] White threatens Qe4+ and mate.} Qd4 43. Re7 {[%emt 0:05:57] Threatens to win with Ka2.} Ka8 44. Rexc7 {[%emt 0:00:27] Strongly threatening Kc1.} Rb8+ 45. Ka2 {[%emt 0:06:52][%cal Oc3c5] White wants to mate with R3c5! Dancing on a razor blade.} Qd5+ 46. Ka1 Rhf8 $2 (46... Rb4 $18 47. Rc8+ Rb8 48. Rxb8+ (48. Qd3 $2 Qa5+ 49. Ra3 Qe1+ 50. Ka2 Rhxc8 $19) 48... Rxb8) 47. Qa4 a5 48. Qc6+ Qxc6 49. R3xc6 Rbd8 50. Kb2 d5 51. Kc3 d4+ 52. Kd3 Kb8 53. Re7 {[%emt 0:00:19] Weighted Error Value: White=0.13 (very precise) /Black=0.74} (53. Rc5 $142 Rh8 54. Re7) 1-0

[Event "2nd Serbia Open Masters 2022"]
[Site "Novi Sad"]
[Date "2022.06.29"]
[Round "2.22"]
[White "Tsolakidou, Stavroula"]
[Black "Fernandez, Daniel Howard"]
[Result "1/2-1/2"]
[ECO "E90"]
[WhiteElo "2358"]
[BlackElo "2503"]
[Annotator "TA"]
[PlyCount "82"]
[EventDate "2022.06.28"]
[EventType "swiss"]
[EventCountry "SRB"]
[SourceTitle "playchess.com"]
[Source "ChessBase"]
[SourceQuality "1"]
[TimeControl "40/5400+30:900+30"]

1. d4 Nf6 2. c4 g6 3. Nc3 Bg7 4. e4 O-O 5. h3 c5 6. d5 b5 7. cxb5 d6 8. Nf3 a6 9. bxa6 Qa5 {[%emt 0:00:31] White must now prevent ...Nxe4.} 10. Bd2 {[%emt 0:14:24][%cal Oa6a7] E90: King's Indian: Classical: Early deviations and 6 h3.} (10. Nd2 $5 ) 10... Bxa6 11. Bxa6 Qxa6 12. Qe2 Nfd7 13. Qxa6 Nxa6 14. O-O Rfb8 15. Rab1 {[%emt 0:01:02] [#]} Nc7 $146 ({Predecessor:} 15... Nb4 16. a4 c4 17. Bg5 Kf8 18. Be3 Nd3 19. Nd4 Rxb2 20. Ra1 N7c5 21. Ra3 Nb3 {0-1 (30) Strebkovs,A (2318)-Wojtczak,M (2219) Brno 2012}) 16. a3 Ne5 17. Nxe5 Bxe5 18. Rfc1 f5 19. b4 (19. exf5 $11 gxf5 20. b4 (20. Rd1 Rb3 $15)) 19... cxb4 (19... Bxc3 $15 20. Bxc3 fxe4) 20. axb4 $11 fxe4 {[%emt 0:00:09][%mdl 64] [#] Remove Defender} 21. Nxe4 Nxd5 22. b5 Rb6 23. Bc3 {[%emt 0:04:49] [#]} (23. Rb3 $11) 23... Ra4 (23... Bf4 $1 $17 24. Rd1 Nc7) 24. Bxe5 {[%emt 0:01:31] White wants to mate with Rc8+.} Rxe4 25. Rc8+ Kf7 26. Bc3 {[%emt 0:00:12] The position is equal.} Nxc3 (26... Ra4 {seems wilder.} 27. Bd2 Ra7 28. Bh6 e5) 27. Rxc3 {[%emt 0:00:07][%mdl 4096] Endgame KRR-KRR} Re5 28. Rcb3 d5 29. Rd3 Ke6 30. f4 Re4 31. g3 d4 32. Kf2 Kd5 33. Kf3 e5 34. fxe5 Kxe5 35. g4 g5 36. Kg3 Kd5 37. h4 h6 38. hxg5 hxg5 39. Rf3 Re5 40. Rf8 Kc4 {[%emt 0:00:00] ...d3 is the strong threat.} 41. Rc8+ Kd5 {[%emt 0:06:20] Weighted Error Value: White=0.11 (very precise) /Black=0.11 (very precise)} 1/2-1/2

[Event "2nd Serbia Open Masters 2022"]
[Site "Novi Sad"]
[Date "2022.06.29"]
[Round "2.23"]
[White "Padmini, Rout"]
[Black "Koustav Chatterjee"]
[Result "1-0"]
[ECO "C70"]
[WhiteElo "2348"]
[BlackElo "2485"]
[Annotator "TA"]
[PlyCount "79"]
[EventDate "2022.06.28"]
[EventType "swiss"]
[EventCountry "SRB"]
[SourceTitle "playchess.com"]
[Source "ChessBase"]
[SourceQuality "1"]
[TimeControl "40/5400+30:900+30"]

1. e4 e5 2. Nf3 Nc6 3. Bb5 a6 4. Ba4 f5 5. d4 exd4 6. e5 {[%emt 0:04:26] C70: Ruy Lopez: 3...a6 4 Ba4, Norwegian and Delayed Schliemann.} b5 {[%emt 0:00:25] is currently scoring better than 6...Bc5.} 7. Bb3 Bb7 8. O-O {[%emt 0:02:00] White is slightly better.} Na5 $1 9. Nxd4 c5 10. Nxf5 c4 {[%emt 0:00:06] [#]} 11. Re1 $1 Qb6 (11... cxb3 $2 12. axb3 Qb6 13. Qh5+ Qg6 14. Qxg6+ (14. Nd6+ Bxd6 15. Qxg6+ hxg6 $16) 14... hxg6 15. Nd6+ Bxd6 16. exd6+ Kf7 17. Rxa5 $16) 12. Nd6+ (12. Be3 Qg6 13. g4 (13. Nh4 Qe6 $15) 13... h5 $17) 12... Bxd6 {[%emt 0:00:12] [#]} 13. exd6+ $146 (13. Qxd6 Qxd6 14. exd6+ Kf7 $17) ({Predecessor:} 13. Qh5+ Kd8 14. exd6 Nf6 15. Bg5 Kc8 16. Qh3 Ne4 17. Be3 Qxd6 18. f3 Nf6 19. Nc3 {0-1 (56) Albornoz Cabrera,C (2574)-Ganguly,S (2609) Havana 2022}) 13... Kf8 14. Nc3 {[%emt 0:07:45][%cal Oc1g5] Strongly threatening Bg5!} Nf6 (14... cxb3 15. axb3 h6 16. Bf4 $16) ({Black should try} 14... Qc5 $1 $11) 15. Be3 $1 $14 (15. Qe2 Qxd6 16. Rd1 Qc5 $17) 15... Qc6 {[%emt 0:04:27][%csl Gb7][%cal Rc6g2] [#]} 16. f3 $1 {[%emt 0:00:19][%cal Ob3a4] Active counter play!} Re8 {[%emt 0:07:48] [#]} (16... Kf7 17. Qd4) 17. Qd2 $1 Ba8 {[%emt 0:06:55] [#]} (17... cxb3 $2 18. axb3 Nxb3 19. cxb3 $16) (17... Kf7 18. Ne4) 18. a4 $1 b4 {[%emt 0:04:03] [#]} (18... cxb3 $2 19. axb5 Nc4 20. bxc6 $18) 19. Ba2 {[%emt 0:00:22][%cal Oc3e4] And now Ne4! would win.} bxc3 20. Qxc3 Nd5 (20... Qxa4 $2 21. b4 Nd5 22. Qd4 Qxb4 23. Bd2 Qxd6 24. Bxa5 $18) 21. Qd4 Nxe3 22. Rxe3 Rxe3 23. Qf4+ $40 {[%emt 0:00:16][%mdl 128] White attacks.} Kg8 24. Qxe3 Qxd6 {[%emt 0:07:33] Threatens to win with ...Kf7.} 25. Qe8+ Qf8 26. Qe5 ({Resist} 26. Qxd7 h5 $16) ({White should play} 26. Re1 $16 h5 27. Qxd7) 26... Qd8 $11 27. Re1 h5 $2 (27... g6 $1 $11) 28. b4 $1 $18 cxb3 29. cxb3 {[%emt 0:00:24] b4+ is the strong threat.} d5 30. Qe6+ {[%emt 0:02:59][%mdl 1024] White has strong compensation.} Kf8 {[%emt 0:00:02] aiming for ...Rh6.} 31. Qf5+ $2 (31. Bb1 $1 $18 {[%cal Rb1g6] White threatens Bg6 and mate.} Rh6 32. Bg6 Rxg6 33. Qxg6) 31... Kg8 $11 {[%emt 0:00:01] White must now prevent ...Rh6.} 32. Qe6+ (32. Qg6 $11 Bc6 33. Qe6+ Kf8 34. Qf5+ Kg8 35. b4) 32... Kf8 $18 {[%emt 0:00:02] [#] Hoping for ...Rh6.} 33. Bb1 $1 {[%emt 0:02:49] White wants to mate with Bg6.} Rh6 34. Bg6 Rxg6 35. Qxg6 Bc6 $2 (35... Nc6 36. Qf5+ (36. Qxh5 Bb7 $16) 36... Kg8 37. Qe6+ (37. Qxh5 Kf8 $18) (37. Qg6 Kf8 $18) 37... Kf8 38. Qf5+ Kg8 39. Qxh5 (39. Qg6 Kf8 $18) 39... Kf8 40. Qf5+ Kg8 41. Qe6+ Kf8) 36. Qf5+ Kg8 {[%emt 0:00:16] [#]} 37. Qe6+ $1 Kh7 38. Re5 g6 39. Qf7+ Kh6 40. Re6 {[%emt 0:00:00] Weighted Error Value: White=0.14 (very precise) /Black=0.48} 1-0

[Event "2nd Serbia Open Masters 2022"]
[Site "Novi Sad"]
[Date "2022.06.29"]
[Round "2.24"]
[White "Vardaan Nagpal"]
[Black "Pranav Vijay"]
[Result "1/2-1/2"]
[ECO "E11"]
[WhiteElo "2357"]
[BlackElo "2265"]
[Annotator "TA"]
[PlyCount "94"]
[EventDate "2022.06.28"]
[EventType "swiss"]
[EventCountry "SRB"]
[SourceTitle "playchess.com"]
[Source "ChessBase"]
[SourceQuality "1"]
[TimeControl "40/5400+30:900+30"]

1. d4 Nf6 2. c4 e6 3. g3 Bb4+ 4. Bd2 a5 5. Bg2 O-O 6. Nf3 d5 7. Qc2 $1 {[%emt 0:05:36][%mdl 4] outshines the older 7.0-0.} b6 {[%emt 0:03:54] E11: Bogo-Indian.} 8. cxd5 (8. O-O {looks sharper.} dxc4 9. Ne5 Ra7 10. Rd1) 8... exd5 9. O-O Bb7 10. Bf4 {[%emt 0:03:19] [#]} Na6 $146 ({Predecessor:} 10... Nc6 11. Nc3 Re8 12. Nb5 Bd6 13. Nxd6 cxd6 14. Bg5 h6 15. Bxf6 Qxf6 16. Rfd1 Nb4 {0-1 (37) Demanghon,J (2197)-Marie,M (2169) Caen 2012}) 11. a3 Bd6 12. Bxd6 Qxd6 13. Nc3 Rfe8 14. e3 c5 15. Rfd1 Rac8 $1 16. dxc5 Nxc5 17. Nd4 g6 18. Bh3 Rcd8 19. Rac1 $36 {[%emt 0:09:20][%mdl 2048] White is more active.} Qe5 20. b4 axb4 21. axb4 Ne6 (21... Nce4 $14) 22. Qd2 ({White should try} 22. Bxe6 $16 {Threatens to win with Bh3.} fxe6 23. Ncb5) 22... Rc8 {[%emt 0:02:39] [#]} (22... Ng5 $11 {remains equal.} 23. Bg2 Nge4) 23. Bg2 (23. Nxe6 $1 $16 fxe6 24. f4) 23... Rc4 (23... Nxd4 $11 24. Qxd4 Qxd4 25. Rxd4 Ne4 26. Bxe4 Rxe4) 24. Ncb5 $14 Nd8 (24... Rxc1 $14 25. Rxc1 Nxd4 26. Nxd4 (26. Qxd4 Qxd4 27. Nxd4 Rc8 $14) 26... Ra8) 25. Na3 (25. Rxc4 $16 dxc4 26. Bxb7 Nxb7 27. Qa2) 25... Rc8 26. Nab5 Rc4 $1 27. Na3 (27. Rxc4 $16 dxc4 28. Bxb7 Nxb7 29. Qa2) 27... Rxc1 (27... Rc8 $1 $11) 28. Rxc1 Ne6 29. Nab5 Re7 (29... Nxd4 $14 30. Nxd4 (30. Qxd4 Qxd4 31. Nxd4 Rc8 $14) 30... Ra8) 30. Nc6 {[%emt 0:03:33] White is more active.} ({White should play} 30. f4 $16 Ne4 31. fxe5 Nxd2 32. Nd6) 30... Bxc6 31. Rxc6 Re8 32. Qc3 ({Much worse is} 32. Rxb6 Qa1+ 33. Bf1 Ne4 $11) 32... d4 33. Nxd4 Nxd4 34. Qxd4 Qxd4 35. exd4 $16 {[%emt 0:00:02][%mdl 4096] Endgame KRB-KRN} Re1+ 36. Bf1 Nd5 37. Kg2 {[%emt 0:01:13] And now Bc4 would win.} Nxb4 38. Rxb6 Nc2 39. d5 {[%emt 0:01:17] aiming for Bd3.} Rd1 {[%emt 0:00:07] Inhibits Bd3.} 40. Bc4 Rd4 41. Bb3 Ne1+ {[%emt 0:02:51] [#]} 42. Kf1 $1 Nd3 43. d6 ({Better is} 43. Rb8+ $16 Kg7 44. Rc8) 43... Nc5 $11 {[%emt 0:00:25] The position is equal.} 44. Ba2 Ne4 45. Rb7 Nxd6 46. Rd7 Ra4 47. Rxd6 Rxa2 {[%emt 0:00:04] Weighted Error Value: White=0.23 (precise) /Black=0.17 (very precise)} 1/2-1/2